 Dungeon Crawl Stone Soup version 0.26.1-10-gdfb7c7de75 (webtiles) character file.

Game seed: 6642774269192932126

28 Chiseanne the Magician (level 3, 24/24 HPs)
             Began as a Demonspawn Hedge Wizard on Apr 9, 2021.
             Quit the game on level 2 of the Dungeon.
             The game lasted 00:01:34 (1796 turns).

Chiseanne the Magician (Demonspawn Hedge Wizard)    Turns: 1796, Time: 00:01:36

Health: 24/24      AC:  2    Str: 10    XL:     3   Next: 0%
Magic:  5/8        EV: 12    Int: 16    God:
Gold:   89         SH:  0    Dex: 12    Spells: 8/9 levels left

rFire    . . .     SeeInvis .   a - +2 dagger (elec)
rCold    . . .     Faith    .   (no shield)
rNeg     . . .     Spirit   .   b - +0 robe
rPois    .         Reflect  .   c - +0 hat
rElec    .         Harm     .   (no cloak)
rCorr    .         Rampage  .   (no gloves)
Will     .....                  (no boots)
Stlth    ++........             (no amulet)
HPRegen  1.08/turn              (no ring)
MPRegen  0.11/turn              (no ring)

@: no status effects
A: talons 1, powered by death 1
a: no special abilities


You were on level 2 of the Dungeon.
You visited 1 branch of the dungeon, and saw 2 of its levels.

You collected 89 gold pieces.

Inventory:

Hand Weapons
 a - a +2 dagger of electrocution (weapon)
Missiles
 f - 14 stones
 g - 27 sling bullets
 h - 49 arrows
Armour
 b - a +0 robe (worn)
 c - a +0 hat (worn)
 i - a +0 tower shield
Jewellery
 j - a cursed amulet of inaccuracy {unknown}
 m - an uncursed amulet of reflection {unknown}
Scrolls
 d - a scroll of enchant armour {unknown}
 e - a scroll of remove curse {unknown}
 n - a scroll of amnesia {unknown}
 o - a scroll of fog {unknown}
Potions
 k - a potion of degeneration {unknown}
 l - 2 potions of curing {unknown}


   Skills:
 - Level 1.7 Dodging
 - Level 1.7 Stealth
 * Level 3.5 Spellcasting
 * Level 2.2 Conjurations
 - Level 1.0 Summonings
 - Level 0.8 Translocations


You had 8 spell levels left.
You knew the following spells:

 Your Spells              Type           Power        Failure   Level
a - Magic Dart            Conj           36%          7%          1

Your spell library contained the following spells:

 Spells                   Type           Power        Failure   Level
 Blink                    Tloc           N/A          19%         2
 Call Imp                 Summ           6%           19%         2
 Slow                     Hex            2%           26%         2
 Conjure Flame            Conj/Fire      6%           34%         3
 Mephitic Cloud           Conj/Pois/Air  5%           36%         3


Dungeon Overview and Level Annotations

Branches:
Dungeon (2/15)

Altars:


Innate Abilities, Weirdness & Mutations

You have sharp toenails.
You regenerate a little health from kills.


Message History

Casting: Magic Dart (safe; 8% risk of failure)
Confirm with . or Enter, or press ? or * to list all spells.
Aiming: Magic Dart (safe; 8% risk of failure)
Press: ? - help, Shift-Dir - straight line, f - ball python
Aim: a ball python (0% to evade)
The magic dart hits the ball python.
The ball python is severely wounded.
Casting: Magic Dart (safe; 8% risk of failure)
Confirm with . or Enter, or press ? or * to list all spells.
Aiming: Magic Dart (safe; 8% risk of failure)
Press: ? - help, Shift-Dir - straight line, f/p - ball python
Aim: a ball python (severely wounded, 0% to evade)
The magic dart hits the ball python.
You kill the ball python!
You have reached level 3!
Your experience leads to an increase in your attributes!
Increase (s)trength, (i)ntelligence, or (d)exterity?
You feel clever.
Your demonic ancestry asserts itself...
Your toenails lengthen and sharpen.
Are you sure you want to abandon this character and quit the game? (Confirm with "yes".)

#.#.###+## #.#.#.#
# #........#
#.#.#..
#........###.#.#.#
#..............#.#
#..............#
#..............#
#........#####.#
#.####'### ###.###
#.# #.# #....@#
#.####.# #####.#
#......# #†..
######## ......
........ .........
#########


There were no monsters in sight!

Vanquished Creatures
  A leopard gecko (D:1)
  A ball python (D:2)
  3 bats (D:1)
  A giant cockroach (D:1)
  2 goblins (D:1)
  4 hobgoblins (D:1)
  3 jackals (D:2)
  3 frilled lizards (D:1)
  4 kobolds
  A rat (D:2)
23 creatures vanquished.

Notes
Turn   | Place    | Note
-------+----------+-------------------------------------------
     0 | D:1      | Chiseanne the Demonspawn Hedge Wizard began the quest for
                  | the Orb.
     0 | D:1      | Reached XP level 1. HP: 13/13 MP: 4/4
   682 | D:1      | Gained mutation: You regenerate a little health from kills.
                  | [demonic ancestry]
   682 | D:1      | Reached XP level 2. HP: 19/19 MP: 0/6
  1796 | D:2      | Gained mutation: You have sharp toenails. [demonic
                  | ancestry]
  1796 | D:2      | Reached XP level 3. HP: 24/24 MP: 5/8
  1796 | D:2      | Quit the game

Illustrated notes

Levels and vault maps discovered:
D:1:      wander_arrival_fairy_ring, layout_loops_corners
D:2:      layout_basic, uniq_robin

Skill      XL: |  1  2 |
---------------+-------+-----
Conjurations   | 2 |  2.2
Dodging        | |  1.7
Stealth        | |  1.7
Spellcasting   | |  3.5
Summonings     | |  1.0
Translocations | |  0.8

Action                   || total
-------------------------++-------
Melee: Dagger            ||    55
 Cast: Magic Dart        ||    38
 Stab: Sleeping          ||     1
Armor: Robe              ||    10
Dodge: Dodged            ||    36
